 Dungeon Crawl Stone Soup version 5.2-56-g927a965 (webtiles) character file.

35 wolfsongas the Skirmisher (level 4, -2/29 HPs)
             Began as a Gargoyle Fighter on Feb 25, 2018.
             Slain by an orc warrior
             ... wielding a +0 quarterstaff
              (18 damage)
             ... on level 3 of the Dungeon.
             The game lasted 00:02:21 (1619 turns).

wolfsongas the Skirmisher (Gargoyle Fighter)        Turns: 1619, Time: 00:02:22

Health: -2/29      AC: 16 (50%)Str: 21  XL:     4   Next: 15%
Magic:  4/4        EV:  4    Int:  8    God:
Gold:   132        SH:  9    Dex:  9    Spells: 3/3 levels left

rFire    . . .     SeeInvis .   a - +0 flail
rCold    . . .     Faith    .   c - +0 shield
rNeg     + . .     Spirit   .   g - +0 plate armour
rPois    ∞         Reflect  .   (no helmet)
rElec    +                      (no cloak)
rCorr    .                      (no gloves)
MR       .....                  f - +0 pair of boots
Stlth    ..........             b - amulet of regeneration
Regen    0.5/turn               (no ring)
MPRegen  0.2/turn               (no ring)

@: no status effects
A: negative energy resistance 1, electricity resistance, unbreathing,
petrification resistance, rot immunity, AC +3
a: no special abilities


You were on level 3 of the Dungeon.
You were not hungry.

You visited 1 branch of the dungeon, and saw 3 of its levels.

You collected 132 gold pieces.

Inventory:

Hand Weapons
 a - a +0 flail (weapon)
Missiles
 e - 1139 stones (quivered)
 i - 71 bolts
 l - 16 curare darts
 o - 66 javelins
Armour
 c - a +0 shield (worn)
 f - a +0 pair of boots (worn)
 g - a +0 plate armour (worn)
Jewellery
 b - an amulet of regeneration (around neck)
Scrolls
 h - a scroll of magic mapping
 j - a scroll of enchant weapon
 m - a scroll of teleportation
Potions
 d - 2 potions of augmentation
 k - a potion of heal wounds
 n - a potion of mutation


   Skills:
 * Level 4.1 Fighting
 + Level 2.4 Maces & Staves
 + Level 4.0 Armour
 + Level 3.8 Shields


You had 3 spell levels left.
You didn't know any spells.

Dungeon Overview and Level Annotations

Branches:
Dungeon (3/15)

Altars:
Cheibriados
Makhleb
Okawaru
Zin


Innate Abilities, Weirdness & Mutations

You are resistant to torment.
Your stone body is resilient. (AC +3)
You are immune to poison.
You resist negative energy. (rN+)
You are resistant to electric shocks. (rElec)
You can survive without breathing.
You are immune to petrification.
You are immune to rotting.


Message History

The orc wizard mumbles some strange words.
The orc wizard seems to speed up.
The orc hits you but does no damage. You block the orc warrior's attack.
You hear a shout!
You thump the orc warrior (8)!
The orc warrior is moderately wounded.
You block the orc's attack.
The orc warrior hits you but does no damage.
You block the orc warrior's attack.
You barely miss the orc warrior.
The orc warrior is moderately wounded.
The orc wizard gestures wildly while chanting.
The orc wizard blinks!
The orc warrior hits you with a +0 quarterstaff (13)!
You hit the orc warrior (4).
The orc warrior is heavily wounded.
The orc hits you but does no damage.
The orc warrior hits you with a +0 quarterstaff (18)!!
Ouch! That really hurt!
You die...

#####...#
#.....##
#.##...# #.
#...## # ##...#
#.#.## #
##.#..#
...##.##$..#.#
.....oo@.....#
..####o####...#
..o .#.# #....
.[.# #.... ..#
....._ ..#
#(#.... ..#....


You could see an orc warrior, an orc wizard and 2 orcs.

Vanquished Creatures
  3 gnolls (D:2)
  An adder (D:2)
  A quokka (D:2)
  A goblin (D:1)
  5 hobgoblins (D:2)
  3 jackals (D:1)
  3 kobolds
  A ball python (D:2)
  5 bats
  2 frilled lizards (D:2)
  5 rats
30 creatures vanquished.

Notes
Turn   | Place    | Note
-------+----------+-------------------------------------------
     0 | D:1      | wolfsongas the Gargoyle Fighter began the quest for the Orb.
     0 | D:1      | Reached XP level 1. HP: 14/14 MP: 1/1
   434 | D:1      | Reached XP level 2. HP: 19/19 MP: 2/2
   780 | D:2      | Found an iron altar of Okawaru.
   883 | D:2      | Reached XP level 3. HP: 22/24 MP: 3/3
  1009 | D:2      | Found a burning altar of Makhleb.
  1056 | D:2      | Found a glowing silver altar of Zin.
  1239 | D:2      | Found a faded altar of an unknown god.
  1262 | D:2      | Reached XP level 4. HP: 13/29 MP: 4/4
  1610 | D:3      | Noticed an orc warrior
  1611 | D:3      | Found a snail-covered altar of Cheibriados.
  1619 | D:3      | Slain by an orc warrior

Skill      XL: |  1  2  3 |
---------------+----------+-----
Fighting       | 4 |  4.1
Armour         | 4 |  4.0
Maces & Staves | |  2.4
Shields        | |  3.8

Action                   |  1- 3 |  4- 6 || total
-------------------------+-------+-------++-------
Melee: Flail             |   170 |    10 ||   180
Armor: Plate armour      |   158 |     4 ||   162
       Scale mail        |     6 |       ||     6
Dodge: Dodged            |    24 |       ||    24
Block: Shield            |   119 |     5 ||   124
